 Dungeon Crawl Stone Soup version 0.26-a0-291-g3d11bbfad5 (webtiles) character file.

Game seed: 11689127945310169622

929717 OctopusDreams the Bringer of Light (level 27, 0/339 (343) HPs)
             Began as a Gnoll Skald on July 12, 2020.
             Was the Champion of the Shining One.
             Slain by a bennu (3 damage)
             ... on level 3 of the Tomb of the Ancients on July 14, 2020.
             The game lasted 04:46:48 (91331 turns).

OctopusDreams the Bringer of Light (Gnoll Skald)   Turns: 91331, Time: 04:46:49

HP:   0/339 (343)   AC: 33    Str: 18    XL:     27
MP:   22/48         EV:  2    Int: 30    God:    the Shining One [******]
Gold: 4554          SH: 41    Dex: 29    Spells: 4/69 levels left

rFire    + . .     SeeInvis .   w - +9 trishula (holy)
rCold    + . .     Faith    .   s - +18 shield of the Gong {rElec rN+ MR+ EV-5}
rNeg     + + +     Spirit   .   (armour currently unavailable)
rPois    +         Reflect  +   (helmet currently unavailable)
rElec    +         Harm     .   (cloak currently unavailable)
rCorr    .         NoTele   +   (gloves currently unavailable)
MR       +++..                  (boots currently unavailable)
Stlth    ++++......             C - amulet "Cufoek" {Reflect rPois rF+ SH+5}
HPRegen  0.00/turn              J - ring "Beguufoi" {rC+ Int+6 Dex+3}
MPRegen  0.31/turn              T - ring of Luppimei {*Contam *Slow rElec Int+6 Dex+9}

@: lethally poisoned (0 -> -7), tree-form (expiring), flayed, slightly
contaminated, non-regenerating, diseased, slowed, glowing, very slow
A: distributed training, dopey 2, mutation resistance 1, no potion heal 1,
strong nose
}: 6/15 runes: decaying, slimy, silver, iron, bone, gossamer
a: Divine Shield, Cleansing Flame, Summon Divine Warrior, Renounce Religion


You were on level 3 of the Tomb of the Ancients.
You worshipped the Shining One.
The Shining One was exalted by your worship.
You were a tree.
You visited 15 branches of the dungeon, and saw 71 of its levels.
You visited the Abyss 1 time.
You also visited: Sewer, Bailey, Ice Cave and Desolation.

You collected 36470 gold pieces.
You spent 13326 gold pieces at shops.
You paid 18590 gold pieces to Gozag.

Inventory:

Hand Weapons
 a - the +8 mithril axe "Arga" {speed, MR+}
   (You took it off a deep elf death mage on level 3 of the Elven Halls)

   Attacks with this weapon are significantly faster.
   It affects your resistance to hostile enchantments.
 w - a +9 trishula of holy wrath (weapon)
Missiles
 b - 11 silver javelins (quivered)
 c - 2 throwing nets
 o - 62 boomerangs
Armour
 p - the +7 steam dragon scales of the Snake Pit (melded) {Int+4}
   (You bought it in a shop on level 1 of the Vaults)

   It affects your intelligence (+4).
 s - the +18 shield of the Gong (worn) {rElec rN+ MR+ EV-5}
   (You bought it in a shop on level 3 of the Lair of Beasts)

   It affects your evasion (-5).
   It insulates you from electricity.
   It protects you from negative energy.
   It affects your resistance to hostile enchantments.
 B - a +2 helmet of intelligence (melded)
 D - the +1 pair of gloves of Egalitarianism (melded) {*Contam Regen+ Str+7 Int+2}
   (You found it on level 1 of the Depths)

   It affects your strength (+7).
   It affects your intelligence (+2).
   It causes magical contamination when unequipped.
   It increases your rate of regeneration.
 K - a scarf of resistance (melded)
 O - the +0 pair of boots of Zesky (melded) {*Corrode rN++ MR++}
   (You acquired it on level 2 of the Swamp)

   It greatly protects you from negative energy.
   It affects your resistance to hostile enchantments.
   It may corrode you when you take damage.
Jewellery
 r - the amulet of Nino {Regen+ Int+3}
   (You took it off a skeletal warrior on level 3 of the Crypt)

   [amulet of regeneration]

   It affects your intelligence (+3).
   It increases your rate of regeneration.
 C - the amulet "Cufoek" (around neck) {Reflect rPois rF+ SH+5}
   (You took it off a deep elf knight on level 3 of the Elven Halls)

   [amulet of reflection]

   It shields you and reflects attacks.
   It protects you from fire.
   It protects you from poison.
   It affects your SH (+5).
 J - the ring "Beguufoi" (left branch) {rC+ Int+6 Dex+3}
   (You found it in the Desolation of Salt)

   [ring of intelligence]

   It affects your intelligence (+6).
   It affects your dexterity (+3).
   It protects you from cold.
 M - the ring "Cecoid" {rElec Dex+4 Slay+4}
   (You found it on level 3 of the Crypt)

   [ring of slaying]

   It affects your dexterity (+4).
   It affects your accuracy and damage with ranged weapons and melee attacks
   (+4).
   It insulates you from electricity.
 N - the ring "Vuronagu" {AC+4 Int+4}
   (You took it off an iron imp on level 7 of the Iron City of Dis)

   [ring of protection]

   It affects your AC (+4).
   It affects your intelligence (+4).
 T - the ring of Luppimei (right branch) {*Contam *Slow rElec Int+6 Dex+9}
   (You bought it in a shop on level 3 of the Elven Halls)

   [ring of intelligence]

   It affects your intelligence (+6).
   It affects your dexterity (+9).
   It insulates you from electricity.
   It causes magical contamination when unequipped.
   It may slow you when you take damage.
Wands
 t - a wand of acid (47)
 x - a wand of disintegration (22)
 F - a wand of paralysis (41)
 I - a wand of iceblast (55)
 W - a wand of digging (21)
 Z - a wand of clouds (32)
Scrolls
 f - 8 scrolls of teleportation
 h - 4 scrolls of blinking
 n - a scroll of amnesia
 v - 9 scrolls of fog
 G - 5 scrolls of magic mapping
 L - 2 scrolls of holy word
 P - 3 scrolls of summoning
 X - 5 scrolls of silence
Potions
 d - 5 potions of resistance
 e - 8 potions of brilliance
 g - 3 potions of magic
 i - 4 potions of berserk rage
 j - 3 potions of haste
 k - 5 potions of cancellation
 l - 11 potions of heal wounds
 m - 22 potions of curing
 q - 11 potions of ambrosia
 u - 3 potions of flight
 A - 13 potions of lignification
 E - 3 potions of might
 H - 8 potions of mutation
 R - 9 potions of stabbing
 Y - 7 potions of invisibility
Miscellaneous
 y - 8 phantom mirrors
 z - a lightning rod (4/4)
 S - a tin of tremorstones (3/3)
 U - 7 boxes of beasts


   Skills:
 + Level 21.5 Fighting
 + Level 21.2 Short Blades
 + Level 21.2 Long Blades
 + Level 21.2 Axes
 + Level 21.2 Maces & Flails
 + Level 21.5 Polearms
 + Level 21.2 Staves
 + Level 21.2 Slings
 + Level 21.2 Bows
 + Level 21.2 Crossbows
 + Level 21.2 Throwing
 + Level 21.3 Armour
 + Level 21.5 Dodging
 + Level 21.2 Stealth
 + Level 21.2 Shields
 + Level 21.2 Unarmed Combat
 + Level 21.6 Spellcasting
 + Level 18.4 Conjurations
 + Level 18.4 Hexes
 + Level 19.0 Charms
 + Level 18.4 Summonings
 + Level 18.4 Necromancy
 + Level 18.4 Translocations
 + Level 18.4 Transmutations
 + Level 18.4 Fire Magic
 + Level 18.4 Ice Magic
 + Level 18.4 Air Magic
 + Level 21.9 Earth Magic
 + Level 18.4 Poison Magic
 + Level 22.7 Invocations
 + Level 21.2 Evocations


You had 4 spell levels left.
You knew the following spells:

 Your Spells              Type           Power        Failure   Level
a - Controlled Blink      Tloc           N/A          3%          8
b - Song of Slaying       Chrm           #######.     0%          2
c - Shroud of Golubria    Chrm/Tloc      ######       0%          2
d - Spectral Weapon       Hex/Chrm       #######.     0%          3
e - Shatter               Erth           ########..   13%         9
f - Discord               Hex            #######...   3%          8
g - Summon Forest         Summ/Tloc      #######...   0%          5
i - Silence               Hex/Air        #######...   0%          5
j - Passwall              Tmut/Erth      ########     0%          2
k - Summon Mana Viper     Hex/Summ       #######.     0%          5
l - Passage of Golubria   Tloc           N/A          0%          4
m - Invisibility          Hex            #######.     1%          6
n - Iron Shot             Conj/Erth      ########..   1%          6
o - Passwall              Tmut/Erth      ########     0%          2

Your spell library contained the following spells:

 Spells                   Type           Power        Failure   Level
 Animate Skeleton         Necr           ######       0%          1
 Apportation              Tloc           ######       0%          1
 Beastly Appendage        Tmut           ######       0%          1
 Corona                   Hex            #######      0%          1
 Foxfire                  Conj/Fire      ####         0%          1
 Freeze                   Ice            ####         0%          1
 Infusion                 Chrm           ####         0%          1
 Magic Dart               Conj           ####         0%          1
 Pain                     Necr           ####         0%          1
 Sandblast                Erth           ######       0%          1
 Sting                    Tmut/Pois      ####         0%          1
 Summon Small Mammal      Summ           ####         0%          1
 Blink                    Tloc           N/A          0%          2
 Call Imp                 Summ           #######.     0%          2
 Corpse Rot               Necr/Air       N/A          0%          2
 Ensorcelled Hibernation  Hex/Ice        ######       0%          2
 Poisonous Vapours        Pois/Air       ######       0%          2
 Searing Ray              Conj           ######       0%          2
 Slow                     Hex            #######.     0%          2
 Sticks to Snakes         Tmut           #######.     0%          2
 Sublimation of Blood     Necr           #######...   0%          2
 Swiftness                Chrm/Air       #######.     0%          2
 Call Canine Familiar     Summ           #######.     0%          3
 Confusing Touch          Hex            #######.     0%          3
 Conjure Flame            Conj/Fire      #######.     0%          3
 Dazzling Flash           Conj/Hex       ######       0%          3
 Frozen Ramparts          Ice            ######       0%          3
 Gell's Gravitas          Tloc           #######...   0%          3
 Ignite Poison            Fire/Tmut/Pois #######.     0%          3
 Inner Flame              Hex/Fire       #######.     0%          3
 Lesser Beckoning         Tloc           #######...   0%          3
 Mephitic Cloud           Conj/Pois/Air  #######.     0%          3
 Ozocubu's Armour         Chrm/Ice       #######.     0%          3
 Portal Projectile        Hex/Tloc       ######       0%          3
 Spider Form              Tmut/Pois      #######...   0%          3
 Static Discharge         Conj/Air       #######.     0%          3
 Stone Arrow              Conj/Erth      ######       0%          3
 Summon Guardian Golem    Hex/Summ       #######.     0%          3
 Tukima's Dance           Hex            #######.     0%          3
 Vampiric Draining        Necr           #######...   0%          3
 Animate Dead             Necr           #######...   0%          4
 Cause Fear               Hex            #######...   0%          4
 Dispel Undead            Necr           #######.     0%          4
 Fulminant Prism          Conj/Hex       #######...   0%          4
 Hailstorm                Conj/Ice       #######.     0%          4
 Ice Form                 Ice/Tmut       #######.     0%          4
 Iskenderun's Mystic Bla  Conj/Tloc      #######.     0%          4
 Leda's Liquefaction      Hex/Erth       ########..   0%          4
 Olgreb's Toxic Radiance  Pois           #######.     0%          4
 Petrify                  Tmut/Erth      ########     0%          4
 Summon Ice Beast         Ice/Summ       #######.     0%          4
 Summon Lightning Spire   Summ/Air       #######.     0%          4
 Agony                    Necr           #######.     0%          5
 Alistair's Intoxication  Tmut/Pois      #######.     0%          5
 Blade Hands              Tmut           #######...   0%          5
 Bolt of Magma            Conj/Fire/Erth ########..   0%          5
 Borgnjor's Vile Clutch   Necr/Erth      ########..   0%          5
 Excruciating Wounds      Chrm/Necr      #######...   0%          5
 Irradiate                Conj/Tmut      #######...   0%          5
 Iskenderun's Battlesphe  Conj/Chrm      #######.     0%          5
 Lee's Rapid Deconstruct  Erth           ########..   0%          5
 Lightning Bolt           Conj/Air       #######...   0%          5
 Metabolic Englaciation   Hex/Ice        #######...   0%          5
 Yara's Violent Unravell  Hex/Tmut       #######...   0%          5
 Darkness                 Hex            #######...   1%          6
 Dispersal                Tloc           #######...   1%          6
 Eringya's Noxious Bog    Tmut/Pois      #######...   1%          6
 Freezing Cloud           Conj/Ice/Air   #######...   1%          6
 Hydra Form               Tmut           #######...   1%          6
 Ozocubu's Refrigeration  Ice            #######...   1%          6
 Simulacrum               Ice/Necr       #######...   1%          6
 Statue Form              Tmut/Erth      ########.    1%          6
 Dragon Form              Tmut           #######...   1%          7
 Orb of Destruction       Conj           #######...   1%          7
 Ring of Flames           Chrm/Fire      #######...   1%          7
 Spellforged Servitor     Conj/Summ      #######...   1%          7
 Summon Hydra             Summ           #######...   1%          7
 Disjunction              Tloc           #######...   3%          8
 Ignition                 Fire           #######...   3%          8
 Dragon's Call            Summ           #######...   50%         9
 Tornado                  Air            #######...   50%         9


Dungeon Overview and Level Annotations

Branches:
Dungeon (15/15)            Temple (1/1) D:4            Lair (6/6) D:8
  Swamp (4/4) Lair:2       Spider (4/4) Lair:3        Slime (5/5) Lair:6
    Orc (2/2) D:10            Elf (3/3) Orc:2        Vaults (5/5) D:14
  Crypt (3/3) Vaults:3       Tomb (3/3) Crypt:3      Depths (5/5) D:15
   Hell (visited)             Dis (7/7) Hell            Geh (0/7) Hell
    Coc (0/7) Hell            Tar (7/7) Hell            Zot (0/5) Depths:5
  Sewer (visited)          Bailey (visited)           IceCv (visited)
Desolation (visited)

Altars:
Ashenzari
Cheibriados
Dithmenos
Elyvilon
Fedhas
Gozag
Hepliaklqana
Kikubaaqudgha
Makhleb
Nemelex Xobeh
Okawaru
Qazlal
Ru
Sif Muna
Trog
Uskayaw
Vehumet
Xom
Yredelemnul
Zin
The Shining One
Beogh
Jiyva

Shops:
D:6 *   D:10 *   D:14 }   D:15 [*   Orc:2 [*((   Elf:3 }=!=?   Lair:3 [[
Vaults:1 *[**=   Vaults:4 ?[[**!(   Depths:1 **

Portals:
Hell: Depths:1 Depths:2 Depths:3 Depths:4 Depths:5
Abyss: Lair:6 Depths:1 Depths:4
Pandemonium: Depths:3
Ziggurat: Depths:4
Trove: D:15 (give 8 scrolls of blinking)


Innate Abilities, Weirdness & Mutations

Your experience applies equally to all skills.
((You have very sharp teeth.))
Your uncanny sense of smell can sniff out nearby items.
You are very dopey. (Int -4)
You are somewhat resistant to further mutation.
Potions are less effective at restoring your health.


Message History

The bennu pecks you but does no damage. You block the bennu's attack.
SHROANNG!
The bennu claws you but does no damage.
The mummy priest prays to its god.
The bennu completely misses you. The bennu claws you!
* * * LOW HITPOINT WARNING * * *
The bennu completely misses you. You block the bennu's attack.
PTOANNNG!
The bennu claws you but does no damage. x2; The bennu pecks you.
* * * LOW HITPOINT WARNING * * *
The bennu claws you.
* * * LOW HITPOINT WARNING * * *
The bennu claws you but does no damage. The greater mummy casts a spell at you.
Something smites you!
* * * LOW HITPOINT WARNING * * *
The bennu pecks you but does no damage. The bennu claws you!
* * * LOW HITPOINT WARNING * * *
The bennu claws you.
You die...

∆ #......#
(........^.....
...............
....#......#...
.......)).....^
...)†..........
...............
......)bb.^)...
.......♣bs.#
..^...bbb$.....
..##..^sW)W....
#?)..§......#
..(W..MM.WMMs.
..)..†.ZW.z....
.....M.§M.M..(.
..)...))..§....


You could see 2 greater mummies, an emperor scorpion (summoned), 6 bennus, 2
mummy priests, a flayed ghost (summoned), 3 guardian mummies, 2 freezing
wraiths, a wraith (summoned), 2 death scarabs, a shadow (summoned), a wight
(summoned) and a tengu skeleton (summoned).

Vanquished Creatures
  the Royal Jelly (Slime:5)
  Ereshkigal (Tar:7)
  Dispater (Dis:7)
  Mara (Depths:3)
  7 ancient liches
  25 greater mummies
  Sojobo (Crypt:2)
  the Lernaean hydra (Swamp:4)
  Xtahua (Crypt:3)
  A caustic shrike (Depths:1)
  Geryon (Hell)
  The ghost of Fanwaunn the Brawler, a veteran TrMo of Hepliaklqana (Depths:1)
  5 golden dragons
  The ghost of Firghe Cugemm the Eclecticist, an adept OpWz of Sif Muna (Spider:3)
  A profane servitor (Crypt:3)
  16 bone dragons
  7 doom hounds
  19 Tzitzimimeh
  10 iron giants
  Jorgrun (Orc:2)
  12 Hell Sentinels
  Rupert (Lair:5)
  A tentacled monstrosity (Swamp:4)
  9 liches
  The ghost of Kuqudo the Spawn of Chaos, an adept DDFi of Makhleb (Vaults:1)
  2 Ice Fiends (Dis:7)
  Asterion (Spider:2)
  2 deep elf blademasters (Elf:2)
  7 titans
  30 acid blobs
  Murray (Depths:1)
  2 deep elf master archers (Elf:3)
  27 ancient champions
  The ghost of Agenuemn the Warrior, an adept OgHu of Ru (Swamp:2)
  8 sphinxes
  3 Executioners
  13 tengu reavers
  The ghost of Morih the Warrior, an adept DgCj (Spider:3)
  2 draconian monks (Depths:5)
  4 thorn hunters
  Agnes (Spider:1)
  7 storm dragons
  13 azure jellies
  2 daevas (Depths:4)
  25 shadow dragons
  7 deep elf sorcerers
  18 iron dragons
  8 frost giants
  4 imperial myrmidons (Desolation)
  6 revenants
  5 cacodemons (Dis:7)
  6 ghost moths
  The ghost of ZulDrogKhan the Basher, a journeyman OgWz of Okawaru (Lair:6)
  10 fire giants
  13 vault wardens
  2 orc warlords (Orc:1)
  4 emperor scorpions
  2 curse skulls (Crypt:3)
  50 reapers
  16 ironheart preservers
  5 deep elf elementalists
  5 spriggan defenders
  20 very ugly things
  35 stone giants
  9 ghouls (Crypt:3)
  21 war gargoyles
  The ghost of loom the Grappler, a journeyman TrFi of Qazlal (Lair:4)
  17 vampire knights
  5 entropy weavers
  2 black draconians (Depths:5)
  6 bennus
  4 deep elf demonologists
  A spectral titan (Vaults:1)
  A green draconian (Depths:5)
  6 deep elf annihilators
  A lorocyproca (Hell)
  13 deep elf death magi
  A halazid warlock (Desolation)
  2 white draconians (Depths:5)
  2 red draconians (Depths:5)
  6 spark wasps
  17 yaktaur captains
  3 quicksilver dragon zombies
  10 ettins
  5 blizzard demons
  4 green deaths
  6 jiangshi
  5 death oozes (Slime:4)
  An ettin (shapeshifter) (Lair:6)
  9 eidola
  20 mummy priests
  7 ragged hierophants (Desolation)
  Josephine (D:12)
  A merfolk impaler (Depths:4)
  2 crystal guardians (Desolation)
  10 deep elf high priests
  12 fire dragons
  The ghost of YoungGLord the Thaumaturge, a journeyman GrEE of Vehumet (D:12)
  2 rakshasas
  13 great orbs of eyes
  A monstrous demonspawn (Depths:3)
  2 quicksilver dragon skeletons
  10 vault guards
  18 ice dragons
  26 hydras
  5 shambling mangroves
  7 servants of whispers (Desolation)
  4 ghost crabs
  4 peacekeepers (Desolation)
  6 spriggan air magi
  The ghost of Sickboy the Frost Mage, a journeyman MfIE of Vehumet (D:11)
  17 centaur warriors
  11 alligators
  5 death knights
  42 two-headed ogres
  15 ogre magi
  9 death yaks (Lair:6)
  A spectral fire giant (Vaults:1)
  An alligator (shapeshifter) (Vaults:5)
  3 catoblepae
  49 death scarabs
  6 deep troll shamans
  10 tengu warriors
  7 hell hogs
  2 titan zombies
  12 vampire magi
  2 dancing weapons
  9 deep troll earth magi
  5 spriggan berserkers
  6 orc high priests
  4 sun demons (Hell)
  A thrashing horror (Abyss:2)
  2 storm dragon zombies
  7 iron golems (Dis:7)
  35 hell knights
  2 titan skeletons
  19 soul eaters
  119 skeletal warriors
  20 deep elf knights
  A wretched star (Abyss:2)
  A salamander mystic (Depths:3)
  Sonja (Orc:1)
  15 iron trolls
  A fire crab (shapeshifter) (Vaults:2)
  21 shadow wraiths
  A storm dragon skeleton (Hell)
  8 unseen horrors
  A death drake (shapeshifter) (D:15)
  2 salamanders (Depths:3)
  A spectral yaktaur (Vaults:1)
  15 flayed ghosts
  A ghost moth zombie (Dis:7)
  24 deep trolls
  15 shadow demons
  A deep troll (shapeshifter) (Vaults:1)
  5 spriggan druids
  13 swamp dragons
  A golden dragon zombie (Dis:4)
  8 anaconda zombies
  6 shadow dragon zombies
  7 glowing orange brains
  An obsidian statue (Depths:1)
  41 phantasmal warriors
  20 deep elf archers
  19 ironbrand convokers
  3 lindwurms
  31 orc knights
  3 wizards
  21 orb spiders
  A sphinx zombie (Crypt:2)
  62 deep elf magi
  6 harpies
  41 wolf spiders
  16 necromancers
  5 orc sorcerers
  7 frost giant zombies
  5 manticores
  55 ugly things
  4 stone giant zombies
  7 iron dragon zombies
  A manticore (shapeshifter) (Depths:1)
  A spectral ettin (Vaults:1)
  6 shining eyes
  An oklob plant (Lair:6)
  2 cyclopes
  2 stone giant skeletons
  2 shock serpent zombies
  3 moths of wrath
  5 dire elephant zombies
  9 fire giant zombies
  3 iron dragon skeletons
  5 black mambas
  Maurice (D:9)
  12 elephants (Lair:6)
  2 ice statues (IceCv)
  An elephant (shapeshifter) (Vaults:4)
  48 rust devils
  2 eyes of devastation
  2 apocalypse crabs (Abyss:2)
  4 guardian serpents (Desolation)
  4 smoke demons (Abyss:2)
  14 vault sentinels
  A shock serpent skeleton (Tar:1)
  2 storm dragon simulacra
  An alligator snapping turtle zombie (Crypt:1)
  4 torpor snails
  A gargoyle (D:11)
  3 molten gargoyles (Desolation)
  A catoblepas zombie (Crypt:1)
  12 cane toads
  17 hellions
  A cane toad (shapeshifter) (Vaults:3)
  A frost giant skeleton (Tar:7)
  A dire elephant skeleton (Tomb:2)
  Maggie (D:6)
  12 demonic crawlers
  10 komodo dragons
  33 yaktaurs
  21 tormentors
  5 centaur skeletons
  26 freezing wraiths
  2 kobold demonologists
  A catoblepas skeleton (Dis:4)
  4 iron troll zombies
  5 rime drakes
  2 spectral glowing shapeshifters (Vaults:1)
  3 tengu conjurers
  4 human skeletons
  A death yak skeleton (Crypt:1)
  A sea snake skeleton (Crypt:1)
  11 ice devils
  A hellwing (Lair:6)
  3 komodo dragons (shapeshifter)
  44 guardian mummies
  5 hydra zombies
  2 iron troll skeletons (Dis:2)
  26 jumping spiders
  A queen bee (Spider:1)
  2 silent spectres (Tar:7)
  11 red devils
  A pale draconian skeleton (Crypt:2)
  A queen bee (shapeshifter) (Elf:2)
  13 trolls
  2 harpy zombies
  3 meliai (Spider:1)
  A polar bear (Lair:2)
  10 tyrant leeches
  A meliai (shapeshifter) (Vaults:1)
  17 bog bodies
  A troll (shapeshifter) (D:15)
  38 hornets
  5 hydra skeletons
  2 wolf spider simulacra (Lair:5)
  55 saltlings (Desolation)
  A shadow dragon simulacrum (Vaults:1)
  A dream sheep (shapeshifter) (Depths:2)
  2 harpy skeletons
  9 hippogriffs
  A hippogriff (shapeshifter) (Vaults:5)
  Grinder (D:6)
  18 blink frogs
  A sphinx simulacrum (Vaults:1)
  7 dream sheep (Lair:6)
  4 raiju (Abyss:2)
  3 ice dragon zombies
  A spectral human (Vaults:1)
  2 alligator zombies
  75 slime creatures
  2 ettin skeletons
  6 fire dragon zombies
  57 flying skulls
  25 tarantellas
  5 ettin zombies
  3 fire giant simulacra
  17 spriggans
  A black mamba zombie (Crypt:1)
  16 shadows
  A shock serpent simulacrum (Tomb:1)
  92 redbacks
  A spriggan (shapeshifter) (Depths:2)
  A ynoxinul (Depths:3)
  2 alligator skeletons
  9 water elementals
  An ice dragon skeleton (Tomb:2)
  An air elemental (Elf:1)
  5 fire dragon skeletons
  21 wraiths
  2 vampires (Crypt:2)
  39 yaks
  9 wyverns
  5 fire elementals
  5 starcursed masses (Abyss:2)
  8 ushabtiu
  10 small abominations
  2 black mamba skeletons
  20 golden eyes
  5 basilisks
  12 vampire mosquitoes
  2 neqoxecs (Abyss:2)
  3 chaos spawn
  15 swamp worms
  22 insubstantial wisps
  A warg (shapeshifter) (Vaults:2)
  3 acid dragons
  12 wargs
  5 cane toad zombies
  A floating eye (Depths:3)
  A floating eye (shapeshifter) (D:14)
  11 water moccasins
  8 porcupines
  A monstrous demonspawn skeleton (Crypt:2)
  26 hell hounds
  53 orc warriors
  2 elf zombies
  2 tengu skeletons
  A black bear (shapeshifter) (D:13)
  18 swamp drakes
  A cane toad skeleton (Hell)
  27 ice beasts
  An eye of draining (shapeshifter) (Vaults:5)
  3 snapping turtle zombies
  An ettin simulacrum (Tar:4)
  7 eyes of draining
  An ice dragon simulacrum (Crypt:1)
  5 black bears
  5 large abominations
  37 ogres
  2 swamp dragon zombies
  3 manticore zombies
  6 sky beasts
  3 phantoms
  35 necrophages
  9 boggarts
  11 crocodiles
  14 wolves
  A blink frog skeleton (Crypt:1)
  16 centaurs
  2 manticore skeletons
  A yaktaur zombie (Crypt:1)
  5 snapping turtle skeletons
  A big kobold (shapeshifter) (D:14)
  8 big kobolds
  A rime drake zombie (Crypt:2)
  Blork the orc (D:6)
  A salamander skeleton (Crypt:2)
  A draconian zombie (Crypt:2)
  18 bullfrogs
  7 earth elementals
  A cane toad simulacrum (Hell)
  A deep troll simulacrum (Vaults:1)
  8 wyvern skeletons (Crypt:3)
  An elf skeleton (Tar:6)
  5 scorpions
  A warg zombie (Crypt:2)
  A troll zombie (Tar:6)
  A snapping turtle simulacrum (Tar:6)
  An elf simulacrum (Vaults:2)
  30 killer bees
  2 human simulacra
  52 wights
  2 howler monkeys
  3 centaur zombies
  3 crimson imps
  3 bullfrog zombies
  5 hounds
  42 iron imps
  4 jellies
  22 orc wizards
  3 bullfrog skeletons
  26 orc priests
  3 iguanas
  A human zombie (Dis:5)
  10 worker ants
  6 hell rats (Hell)
  A killer bee zombie (D:6)
  2 deep dwarf zombies (Crypt:1)
  A tengu zombie (Dis:6)
  2 bullfrog simulacra (Lair:5)
  2 hound skeletons
  A naga skeleton (Tar:1)
  53 mummies
  10 gnolls
  11 adders
  A crocodile simulacrum (Lair:5)
  12 shadow imps
  9 white imps
  4 ufetubi
  An ooze (D:4)
  4 worms (D:3)
  2 dart slugs (D:1)
  10 leopard geckos
  133 orcs
  A ball python (D:7)
  9 bats
  3 giant cockroaches
  11 goblins
  2 hobgoblins
  10 jackals
  42 kobolds
  13 quokkas
  2 frilled lizards
  A jackal zombie (D:5)
  2 leopard gecko skeletons
  An orc zombie (Hell)
  8 rats
  2 pillars of salt (Vaults:4)
  2 plants
  A spectral weapon (Tomb:1)
  2 withered plants (Crypt:3)
3824 creatures vanquished.

Vanquished Creatures (collateral kills)
  A golden dragon (Vaults:5)
  A tengu reaver (Vaults:5)
  A storm dragon (Vaults:5)
  A fire giant (Depths:4)
  A frost giant (Vaults:5)
  An iron dragon (Depths:5)
  A vault warden (Vaults:5)
  A very ugly thing (Vaults:5)
  2 deep elf demonologists (Vaults:5)
  A great orb of eyes (Depths:4)
  2 yaktaur captains
  16 vault guards (Vaults:5)
  A spriggan air mage (Depths:5)
  An ice dragon (Vaults:5)
  A death knight (Vaults:5)
  2 deep troll earth magi (Depths:5)
  A dancing weapon (Vaults:5)
  2 spriggans
  2 spriggan berserkers
  4 hell knights (Depths:4)
  A flayed ghost (Vaults:5)
  A deep elf archer (Vaults:5)
  3 deep trolls
  3 ironbrand convokers (Vaults:5)
  2 phantasmal warriors (Vaults:5)
  2 deep elf magi (Vaults:5)
  2 ugly things (Depths:3)
  3 yaktaurs (Vaults:5)
  2 vault sentinels (Vaults:5)
  A freezing wraith (Vaults:5)
  A hornet (Depths:3)
  2 wraiths (Vaults:5)
  A chaos spawn (Depths:4)
  A hell hound (Hell)
  A floating eye (Depths:4)
  A swamp drake (Swamp:4)
  An orc warrior (Orc:2)
  A glowing shapeshifter simulacrum (Vaults:5)
  A small abomination (Depths:4)
  A spectral weapon (Depths:3)
  4 withered plants (Crypt:3)
78 creatures vanquished.

Vanquished Creatures (others)
  A very ugly thing (Vaults:5)
  A stone giant (Vaults:5)
  4 vault guards (Vaults:5)
  34 dancing weapons
  3 hell hogs (Hell)
  2 deep elf knights
  A deep troll earth mage (Depths:1)
  A hell knight (Dis:2)
  An iron troll (Hell)
  A deep troll (Depths:3)
  4 skeletal warriors
  An ironbrand convoker (Vaults:5)
  A deep elf mage (Elf:2)
  3 necromancers
  An ugly thing (Depths:3)
  An orb spider (Spider:3)
  A vault sentinel (Vaults:5)
  2 yaktaurs
  A meliai (shapeshifter) (Depths:4)
  A saltling (Desolation)
  A shadow (Dis:5)
  2 hell hounds
  A swamp drake (Swamp:2)
  An ogre (Depths:1)
  5 iron imps
  A mummy (Tomb:2)
  A shadow imp (Tar:6)
  13 fungi
  A pillar of salt (Vaults:4)
  41 plants
  79 spectral weapons
  4 withered plants (Crypt:3)
215 creatures vanquished.

Grand Total: 4117 creatures vanquished

Notes
Turn   | Place    | Note
-------+----------+-------------------------------------------
     0 | D:1      | OctopusDreams the Gnoll Skald began the quest for the Orb.
     0 | D:1      | Reached XP level 1. HP: 20/20 MP: 6/6
    84 | D:1      | Reached XP level 2. HP: 12/26 MP: 0/7
   602 | D:1      | Learned a level 2 spell: Song of Slaying
   605 | D:1      | Learned a level 2 spell: Shroud of Golubria
   768 | D:1      | Reached XP level 3. HP: 31/31 MP: 9/9
   780 | D:1      | Learned a level 3 spell: Spectral Weapon
   784 | D:1      | Learned a level 3 spell: Ozocubu's Armour
   961 | D:2      | Reached skill level 5 in Spellcasting
  1312 | D:2      | Reached skill level 1 in Invocations
  1469 | D:2      | Reached skill level 1 in Short Blades
  1469 | D:2      | Reached skill level 1 in Long Blades
  1469 | D:2      | Reached skill level 1 in Axes
  1469 | D:2      | Reached skill level 1 in Maces & Flails
  1469 | D:2      | Reached skill level 1 in Staves
  1469 | D:2      | Reached skill level 1 in Slings
  1469 | D:2      | Reached skill level 1 in Bows
  1469 | D:2      | Reached skill level 1 in Crossbows
  1469 | D:2      | Reached skill level 1 in Throwing
  1469 | D:2      | Reached skill level 1 in Stealth
  1469 | D:2      | Reached skill level 1 in Shields
  1469 | D:2      | Reached skill level 1 in Unarmed Combat
  1469 | D:2      | Reached skill level 1 in Evocations
  1955 | D:3      | Reached XP level 4. HP: 38/38 MP: 11/11
  2163 | D:3      | Reached skill level 1 in Conjurations
  2163 | D:3      | Reached skill level 1 in Hexes
  2163 | D:3      | Reached skill level 1 in Summonings
  2163 | D:3      | Reached skill level 1 in Necromancy
  2163 | D:3      | Reached skill level 1 in Translocations
  2163 | D:3      | Reached skill level 1 in Transmutations
  2163 | D:3      | Reached skill level 1 in Fire Magic
  2163 | D:3      | Reached skill level 1 in Ice Magic
  2163 | D:3      | Reached skill level 1 in Air Magic
  2163 | D:3      | Reached skill level 1 in Earth Magic
  2163 | D:3      | Reached skill level 1 in Poison Magic
  2182 | D:3      | Found a glowing drain.
  2186 | Sewer    | Entered a sewer
  2295 | Sewer    | Noticed a big kobold
  2317 | Sewer    | Killed a big kobold
  2317 | Sewer    | Reached XP level 5. HP: 41/43 MP: 6/12
  2396 | Sewer    | Found a white marble altar of Elyvilon.
  2563 | D:3      | Found a burning altar of Makhleb.
  2563 | D:3      | Noticed a cacodemon
  2566 | D:3      | Noticed a hellwing
  2566 | D:3      | Noticed a hellwing
  2773 | D:4      | Reached skill level 2 in Invocations
  2773 | D:4      | Reached XP level 6. HP: 43/50 MP: 7/13
  2972 | D:4      | Found a staircase to the Ecumenical Temple.
  2990 | Temple   | Entered the Ecumenical Temple
  3111 | Temple   | Became a worshipper of Gozag Ym Sagoz the Greedy
  3214 | D:4      | Reached skill level 5 in Fighting
  3214 | D:4      | Reached skill level 5 in Polearms
  3214 | D:4      | Reached skill level 5 in Dodging
  3300 | D:4      | Found a shattered altar of Ashenzari.
  3433 | D:4      | Reached XP level 7. HP: 56/56 MP: 8/15
  3958 | D:5      | Entered Level 5 of the Dungeon
  4320 | D:5      | Learned a level 3 spell: Mephitic Cloud
  4323 | D:5      | Learned a level 2 spell: Blink
  4385 | D:5      | Found a white marble altar of Elyvilon.
  4385 | D:5      | Found a glowing silver altar of Zin.
  4386 | D:5      | Found a basalt altar of Yredelemnul.
  5023 | D:5      | Reached skill level 3 in Invocations
  5454 | D:5      | Reached XP level 8. HP: 48/63 MP: 16/16
  5676 | D:6      | Noticed Grinder
  5677 | D:6      | Noticed Maggie
  5692 | D:6      | Killed Grinder
  5714 | D:6      | Killed Maggie
  5846 | D:6      | Noticed Blork the orc
  5855 | D:6      | Killed Blork the orc
  5880 | D:6      | Reached skill level 4 in Invocations
  5887 | D:6      | Reached XP level 9. HP: 66/69 MP: 12/18
  6175 | D:6      | Found Jaiq's Assorted Antiques.
  6179 | D:6      | Bought a scroll of identify for 36 gold pieces
  6179 | D:6      | Bought a murky yellow potion for 16 gold pieces
  6179 | D:6      | Bought a bubbling amethyst potion for 16 gold pieces
  6179 | D:6      | Bought a bubbling amethyst potion for 16 gold pieces
  6179 | D:6      | Bought a brass wand for 72 gold pieces
  6338 | D:6      | Found a sparkling altar of Nemelex Xobeh.
  7018 | D:7      | Reached skill level 5 in Armour
  7126 | D:7      | Found a shimmering blue altar of Sif Muna.
  7825 | D:7      | Reached skill level 5 in Invocations
  7990 | D:8      | Noticed a komodo dragon
  8005 | D:8      | Killed a komodo dragon
  8018 | D:8      | Reached XP level 10. HP: 77/77 MP: 14/20
  8441 | D:8      | Reached skill level 5 in Short Blades
  8441 | D:8      | Reached skill level 5 in Long Blades
  8441 | D:8      | Reached skill level 5 in Axes
  8441 | D:8      | Reached skill level 5 in Maces & Flails
  8441 | D:8      | Reached skill level 5 in Staves
  8441 | D:8      | Reached skill level 5 in Slings
  8441 | D:8      | Reached skill level 5 in Bows
  8441 | D:8      | Reached skill level 5 in Crossbows
  8441 | D:8      | Reached skill level 5 in Throwing
  8441 | D:8      | Reached skill level 5 in Stealth
  8441 | D:8      | Reached skill level 5 in Shields
  8441 | D:8      | Reached skill level 5 in Unarmed Combat
  8441 | D:8      | Reached skill level 5 in Evocations
  9332 | D:8      | Found a staircase to the Lair.
  9902 | D:9      | Reached skill level 6 in Invocations
 10157 | D:9      | Noticed a two-headed ogre
 10176 | D:9      | Killed a two-headed ogre
 10183 | D:9      | Reached XP level 11. HP: 55/84 MP: 18/22
 10198 | D:9      | Upgraded the game from 0.26-a0-278-g3b0d5afba5 to
                  | 0.26-a0-284-g73c0fb6129
 10384 | D:9      | Noticed Maurice
 10393 | D:9      | Killed Maurice
 10871 | D:9      | Reached skill level 5 in Conjurations
 10871 | D:9      | Reached skill level 5 in Hexes
 10871 | D:9      | Reached skill level 5 in Summonings
 10871 | D:9      | Reached skill level 5 in Necromancy
 10871 | D:9      | Reached skill level 5 in Translocations
 10871 | D:9      | Reached skill level 5 in Transmutations
 10871 | D:9      | Reached skill level 5 in Fire Magic
 10871 | D:9      | Reached skill level 5 in Ice Magic
 10871 | D:9      | Reached skill level 5 in Air Magic
 10871 | D:9      | Reached skill level 5 in Earth Magic
 10871 | D:9      | Reached skill level 5 in Poison Magic
 10931 | D:10     | Entered Level 10 of the Dungeon
 11092 | D:10     | Found Qoishipa's General Store.
 11116 | D:10     | Bought a potion of lignification for 36 gold pieces
 11640 | D:10     | Found a staircase to the Orcish Mines.
 11978 | D:11     | Reached skill level 7 in Invocations
 11989 | D:11     | Noticed a manticore
 11997 | D:11     | Killed a manticore
 12173 | D:11     | Noticed a green ugly thing
 12191 | D:11     | Killed a green ugly thing
 12404 | D:11     | Noticed a two-headed ogre
 12431 | D:11     | Killed a two-headed ogre
 12740 | D:11     | Found a runed translucent door.
 12741 | D:11     | Noticed a spriggan rider
 12741 | D:11     | Identified the +0 spear of the Shining Light {vorpal,
                  | Dex+4}
 12743 | D:11     | Noticed Sickboy's ghost (journeyman MfIE)
 12833 | Orc:1    | Entered Level 1 of the Orcish Mines
 12833 | Orc:1    | Noticed Sonja
 12843 | Orc:1    | Killed Sonja
 13031 | Orc:1    | Reached XP level 12. HP: 79/93 MP: 21/24
 13308 | Orc:2    | Entered Level 2 of the Orcish Mines
 13308 | Orc:2    | Noticed Jorgrun
 13332 | Orc:2    | Killed Jorgrun
 13353 | Orc:1    | Noticed a sun demon
 13363 | Orc:1    | Found a roughly hewn altar of Beogh.
 13366 | Orc:1    | Noticed a deep elf knight
 14319 | Orc:2    | Found a staircase to the Elven Halls.
 14732 | Orc:2    | Reached skill level 8 in Invocations
 16059 | Orc:2    | Noticed an orc high priest
 16069 | Orc:2    | Killed an orc high priest
 16111 | Orc:2    | Noticed an orc high priest
 16116 | Orc:2    | Noticed an orc high priest
 16177 | Orc:2    | Killed an orc high priest
 16177 | Orc:2    | Reached XP level 13. HP: 54/101 MP: 10/26
 17519 | Orc:2    | Found Foal's Antique Armour Shop.
 17519 | Orc:2    | Found Heilal's Assorted Antiques.
 17520 | Orc:2    | Found Kixav's Antique Weapon Boutique.
 17520 | Orc:2    | Found Xyesmu Ceny's Antique Weapon Shop.
 17530 | Orc:2    | Bought a runed demon trident for 396 gold pieces
 17531 | Orc:2    | Bought a scroll of identify for 62 gold pieces
 17531 | Orc:2    | Bought a scroll of identify for 62 gold pieces
 17531 | Orc:2    | Bought a scroll labeled IXIWYOP XEOCUY for 31 gold pieces
 17531 | Orc:2    | Bought a lumpy orange potion for 27 gold pieces
 17531 | Orc:2    | Bought a bubbling clear potion for 27 gold pieces
 17531 | Orc:2    | Bought a white potion for 27 gold pieces
 17541 | Orc:2    | Bought a scroll of enchant weapon for 232 gold pieces
 17553 | Orc:2    | Bought a polished war axe for 187 gold pieces
 17553 | Orc:2    | Identified the cursed +0 war axe "Boineiv" {speed, rN+ MR-
                  | Int+3 Stlth+} (You bought it in a shop on level 2 of the
                  | Orcish Mines)
 17722 | Orc:1    | Noticed an orc warlord
 18189 | Orc:1    | Noticed a stone giant
 18383 | Orc:2    | Reached skill level 9 in Invocations
 18654 | Orc:1    | Killed a stone giant
 18666 | Orc:1    | Killed an orc warlord
 18698 | Orc:1    | Noticed an orc warlord
 18713 | Orc:1    | Killed an orc warlord
 19367 | Lair:1   | Entered Level 1 of the Lair of Beasts
 19414 | Lair:1   | Learned a level 2 spell: Sticks to Snakes
 19420 | Lair:1   | Learned a level 5 spell: Silence
 19838 | Lair:1   | Reached skill level 10 in Spellcasting
 19881 | Lair:1   | Got a smoking lead amulet
 19903 | Lair:1   | Identified the amulet "Ginituuwk" {rPois rN+ Regen+ Int-3
                  | Stlth+} (You found it on level 1 of the Lair of Beasts)
 20064 | Lair:1   | Reached XP level 14. HP: 94/109 MP: 28/28
 20480 | Lair:2   | Got a pitted scale mail
 20491 | Lair:2   | Identified the cursed +0 scale mail of Sunlight {rElec
                  | Str-2 SInv Stlth+} (You found it on level 2 of the Lair of
                  | Beasts)
 20837 | Lair:2   | Found a staircase to the Swamp.
 21080 | Lair:3   | Reached skill level 10 in Fighting
 21080 | Lair:3   | Reached skill level 10 in Polearms
 21080 | Lair:3   | Reached skill level 10 in Dodging
 21199 | Lair:3   | Found a hole to the Spider Nest.
 21377 | Lair:3   | Bought the +9 scale mail of Absolutism {Str+5 Int+5} for
                  | 1078 gold pieces
 21377 | Lair:3   | Bought a +2 helmet of intelligence for 301 gold pieces
 22379 | Lair:4   | Got a transparent leather armour
 22390 | Lair:4   | Identified the +1 leather armour of Bonakeesch {MR++} (You
                  | found it on level 4 of the Lair of Beasts)
 22624 | Lair:4   | Found a runed translucent door.
 22626 | Lair:4   | Noticed loom's ghost (journeyman TrFi)
 22633 | Lair:4   | Identified the +5 trident "Concordance" {vorpal, Dex+4}
 23508 | Lair:5   | Found a transporter.
 23657 | Lair:5   | Noticed Rupert
 23675 | Lair:5   | Killed Rupert
 23675 | Lair:5   | Reached skill level 10 in Invocations
 23784 | Lair:5   | Found a transporter.
 23848 | Lair:5   | Learned a level 7 spell: Summon Butterflies
 23854 | Lair:5   | Learned a level 5 spell: Summon Mana Viper
 23930 | Lair:6   | Entered Level 6 of the Lair of Beasts
 23969 | Lair:6   | Found a one-way gate to the infinite horrors of the Abyss.
 23969 | Lair:6   | Noticed ZulDrogKhan's ghost (journeyman OgWz)
 23970 | Lair:6   | Found a transporter.
 23977 | Lair:6   | Found a transporter.
 24245 | Lair:6   | Got a warped war axe
 24246 | Lair:6   | Identified the cursed +0 war axe "Sohiaden" {freeze, rN++}
                  | (You found it on level 6 of the Lair of Beasts)
 24307 | Lair:6   | Found a staircase to the Slime Pits.
 24489 | Lair:6   | Reached XP level 15. HP: 115/117 MP: 27/29
 24588 | Lair:6   | Reached skill level 10 in Armour
 25160 | Lair:6   | Found the +9 staff of Olgreb {rPois∞}
 25870 | D:12     | Found a flagged portal.
 25898 | Bailey   | Entered a bailey
 26024 | Bailey   | Reached skill level 10 in Charms
 26321 | D:12     | Found a runed translucent door.
 26322 | D:12     | Found a shimmering altar of Xom.
 26322 | D:12     | Noticed YoungGLord's ghost (journeyman GrEE)
 26645 | D:12     | Found a hide-covered altar of Uskayaw.
 26651 | D:12     | Reached skill level 10 in Short Blades
 26651 | D:12     | Reached skill level 10 in Long Blades
 26651 | D:12     | Reached skill level 10 in Axes
 26651 | D:12     | Reached skill level 10 in Maces & Flails
 26651 | D:12     | Reached skill level 10 in Staves
 26651 | D:12     | Reached skill level 10 in Slings
 26651 | D:12     | Reached skill level 10 in Bows
 26651 | D:12     | Reached skill level 10 in Crossbows
 26651 | D:12     | Reached skill level 10 in Throwing
 26651 | D:12     | Reached skill level 10 in Stealth
 26651 | D:12     | Reached skill level 10 in Shields
 26651 | D:12     | Reached skill level 10 in Unarmed Combat
 26651 | D:12     | Reached skill level 10 in Evocations
 26798 | D:12     | Noticed Josephine
 26811 | D:12     | Killed Josephine
 27183 | D:13     | Found a stormy altar of Qazlal.
 27423 | D:13     | Reached skill level 11 in Invocations
 27731 | D:14     | Found a frozen archway.
 27808 | IceCv    | Entered an ice cave
 28344 | D:14     | Reached XP level 16. HP: 98/125 MP: 31/31
 28531 | D:14     | Found a gate to the Vaults.
 28760 | D:14     | Found Cest's Gadget Shoppe.
 28797 | D:14     | Bought a wand of clouds (4) for 360 gold pieces
 28961 | D:15     | Entered Level 15 of the Dungeon
 29295 | D:15     | Found a staircase to the Depths.
 29926 | D:15     | Got a pitted ring mail
 29937 | D:15     | Identified the +2 ring mail of Fighaxzi {+Blink rF+++ rC-
                  | rCorr} (You found it on level 15 of the Dungeon)
 30026 | D:15     | Found a portal to a secret trove of treasure.
 30067 | D:15     | Bought a scroll of identify for 48 gold pieces
 30067 | D:15     | Bought a pair of glowing gloves for 180 gold pieces
 30067 | D:15     | Bought a potion of heal wounds for 120 gold pieces
 30087 | D:15     | Bought a shimmering kite shield for 323 gold pieces
 30097 | D:15     | Identified the cursed -6 kite shield "Vepsez Kutow" {rCorr
                  | SInv Stlth+} (You bought it in a shop on level 15 of the
                  | Dungeon)
 30111 | D:15     | Bought a pitted scale mail for 306 gold pieces
 30122 | D:15     | Identified the cursed +1 scale mail of the Loofah {Int+3}
                  | (You bought it in a shop on level 15 of the Dungeon)
 30350 | D:12     | Killed YoungGLord's ghost
 30459 | D:11     | Killed Sickboy's ghost
 30703 | Lair:4   | Killed loom's ghost
 31056 | Lair:5   | Got a smoking helmet
 31075 | Lair:5   | Identified the +3 helmet of Slovenliness {rC+} (You found
                  | it on level 5 of the Lair of Beasts)
 31148 | Lair:6   | Killed ZulDrogKhan's ghost
 31192 | Lair:6   | Got a polished whip
 31239 | Lair:6   | Identified the +5 whip "Pog Juroo" {vorpal, Dex+3} (You
                  | found it on level 6 of the Lair of Beasts)
 31291 | Spider:1 | Entered Level 1 of the Spider Nest
 31348 | Lair:3   | Bought the +18 shield of the Gong {rElec rN+ MR+ EV-5} for
                  | 2724 gold pieces
 31348 | Lair:3   | Found the +18 shield of the Gong {rElec rN+ MR+ EV-5}
 31945 | Spider:1 | Noticed Agnes
 31960 | Spider:1 | Killed Agnes
 31960 | Spider:1 | Reached XP level 17. HP: 123/133 MP: 31/33
 31981 | Spider:1 | Reached skill level 12 in Invocations
 33112 | Spider:1 | Reached skill level 10 in Earth Magic
 34046 | Spider:3 | Noticed Asterion
 34456 | Spider:2 | Killed Asterion
 34569 | Spider:3 | Found a runed translucent gate.
 34569 | Spider:3 | Found a runed translucent gate.
 34570 | Spider:3 | Found a runed translucent gate.
 34570 | Spider:3 | Noticed Firghe Cugemm's ghost (adept OpWz)
 34571 | Spider:3 | Noticed Morih's ghost (adept DgCj)
 35119 | Spider:3 | Killed Firghe Cugemm's ghost
 35140 | Spider:3 | Killed Morih's ghost
 35264 | Spider:4 | Entered Level 4 of the Spider Nest
 35269 | Spider:4 | Reached skill level 10 in Conjurations
 35269 | Spider:4 | Reached skill level 10 in Hexes
 35269 | Spider:4 | Reached skill level 10 in Summonings
 35269 | Spider:4 | Reached skill level 10 in Necromancy
 35269 | Spider:4 | Reached skill level 10 in Translocations
 35269 | Spider:4 | Reached skill level 10 in Transmutations
 35269 | Spider:4 | Reached skill level 10 in Fire Magic
 35269 | Spider:4 | Reached skill level 10 in Ice Magic
 35269 | Spider:4 | Reached skill level 10 in Air Magic
 35269 | Spider:4 | Reached skill level 10 in Poison Magic
 35425 | Spider:4 | Reached XP level 18. HP: 141/141 MP: 32/34
 36147 | Spider:4 | Got a gossamer rune of Zot
 36328 | Spider:4 | Reached skill level 13 in Invocations
 37073 | Elf:1    | Entered Level 1 of the Elven Halls
 38282 | Elf:2    | Found a shimmering blue altar of Sif Muna.
 38699 | Elf:2    | Noticed a deep elf blademaster
 38703 | Elf:2    | Cast into level 2 of the Abyss (a deep elf sorcerer)
 38807 | Abyss:2  | Reached XP level 19. HP: 116/119 MP: 26/28
 38998 | Elf:2    | Escaped the Abyss
 39255 | Elf:2    | Found a runed translucent gate.
 39256 | Elf:2    | Found a runed translucent gate.
 39256 | Elf:2    | Found a runed translucent gate.
 40187 | Lair:3   | Bought a fine tower shield for 266 gold pieces
 40187 | Lair:3   | Bought a slimy chain mail for 266 gold pieces
 40198 | Lair:3   | Identified the +7 chain mail "Kedir" {Str+4 Stlth+} (You
                  | bought it in a shop on level 3 of the Lair of Beasts)
 40208 | Lair:3   | Identified the +5 tower shield of Fikir {-Cast MR+ Dex+7
                  | SInv} (You bought it in a shop on level 3 of the Lair of
                  | Beasts)
 40465 | Elf:3    | Entered Level 3 of the Elven Halls
 40643 | Elf:3    | Found Vubukeev's Gadget Shoppe.
 40732 | Elf:3    | Found Ciguag's Jewellery Shoppe.
 40732 | Elf:3    | Found Gecwoed's Distillery.
 40733 | Elf:3    | Found Meonwabyxt's Jewellery Emporium.
 40735 | Elf:3    | Found Fonahyam's Magic Scroll Shoppe.
 40759 | Elf:3    | Bought the ring of Luppimei {*Contam *Slow rElec Int+6
                  | Dex+9} for 1042 gold pieces
 40883 | Elf:3    | Noticed a Hell Sentinel
 41457 | Elf:3    | Identified the +5 plate armour of Hyrretz {+Blink rElec
                  | rPois}
 41859 | Elf:3    | Identified the +3 rapier of Qazlal's Esteem {flame, +Blink
                  | Str+3 Int-5}
 41900 | Elf:3    | Identified the cursed +2 rapier "Ovoher" {elec, Fragile
                  | +Blink +Inv rC-}
 41921 | Elf:3    | Identified the amulet "Cufoek" {Reflect rPois rF+ SH+5}
 41922 | Elf:3    | Identified the ring of Xom's Recklessness {rC+ MP+9}
 42045 | Elf:3    | Identified the +5 battleaxe of Responsibility {vorpal, +Fly
                  | rF+ Int-5}
 42045 | Elf:3    | Identified the amulet of Leuf Jept {Faith Dex+5}
 42077 | Elf:3    | Reached XP level 20. HP: 144/157 MP: 35/37
 42080 | Elf:3    | Reached skill level 14 in Invocations
 42227 | Elf:3    | Got a warped pewter ring
 42273 | Elf:3    | Identified Soygg's Catalogue of Earthen Enhancements
 42595 | Elf:3    | Identified the ring "Acvos" {+Fly rC+ Str+5 Dex-4 Stlth+}
                  | (You found it on level 3 of the Elven Halls)
 42850 | Swamp:1  | Entered Level 1 of the Swamp
 43627 | Swamp:1  | Found a shimmering altar of Xom.
 45034 | Swamp:2  | Found a runed translucent gate.
 45035 | Swamp:2  | Found a runed translucent gate.
 45036 | Swamp:2  | Found a runed translucent gate.
 45037 | Swamp:2  | Noticed Agenuemn's ghost (adept OgHu)
 45049 | Swamp:2  | Killed Agenuemn's ghost
 45058 | Swamp:2  | Reached XP level 21. HP: 160/165 MP: 39/39
 45066 | Swamp:2  | Learned a level 4 spell: Passage of Golubria
 45073 | Swamp:2  | Learned a level 6 spell: Invisibility
 45157 | Swamp:2  | You fall into a shaft and drop 1 floor!
 46234 | Swamp:2  | Identified a scroll of acquirement
 46243 | Swamp:2  | Acquired the +0 pair of boots of Zesky {*Corrode rN++ MR++}
 46483 | Swamp:4  | Entered Level 4 of the Swamp
 46611 | Swamp:4  | Reached XP level 22. HP: 99/172 MP: 35/40
 46703 | Swamp:4  | Noticed the 27-headed Lernaean hydra
 46713 | Swamp:4  | Killed the 27-headed Lernaean hydra
 47123 | Swamp:4  | Got a decaying rune of Zot
 47617 | Vaults:1 | Entered Level 1 of the Vaults
 47768 | Vaults:1 | Found a runed translucent gate.
 47769 | Vaults:1 | Found a runed translucent gate.
 47769 | Vaults:1 | Found a runed translucent gate.
 47779 | Vaults:1 | Noticed Kuqudo's ghost (adept DDFi)
 47819 | Vaults:1 | Killed Kuqudo's ghost
 47855 | Vaults:1 | Got a pair of encrusted gloves
 47866 | Vaults:1 | Identified the cursed +0 pair of gloves "Faonuw" {rF+
                  | Int+2} (You found it on level 1 of the Vaults)
 48109 | Vaults:1 | Reached skill level 15 in Invocations
 48222 | Vaults:1 | Found Mojaojec's Jewellery Shop.
 48767 | Vaults:1 | Found an opulent altar of Gozag.
 48769 | Vaults:1 | Found Gozag's Assorted Antiques.
 48771 | Vaults:1 | Found Gozag's Assorted Antiques.
 48773 | Vaults:1 | Found Gozag's Antique Armour Shop.
 48875 | Vaults:1 | Bought an embroidered scarf for 800 gold pieces
 48959 | Vaults:1 | Found a shattered altar of Ashenzari.
 49794 | Vaults:2 | Reached XP level 23. HP: 172/180 MP: 41/41
 49836 | Vaults:2 | Reached skill level 15 in Spellcasting
 51023 | Vaults:3 | Reached skill level 15 in Fighting
 51023 | Vaults:3 | Reached skill level 15 in Polearms
 51023 | Vaults:3 | Reached skill level 15 in Dodging
 51613 | Vaults:3 | Reached skill level 15 in Earth Magic
 52236 | Vaults:3 | Found a staircase to the Crypt.
 52236 | Vaults:3 | Found a basalt altar of Yredelemnul.
 52237 | Vaults:3 | Found an ancient bone altar of Kikubaaqudgha.
 52575 | Vaults:4 | Reached skill level 15 in Armour
 52619 | Vaults:4 | Reached skill level 16 in Invocations
 52650 | Vaults:4 | Found a ruined gateway.
 52670 | Desolati | Entered the Desolation of Salt
 52901 | Desolati | Reached XP level 24. HP: 188/189 MP: 37/42
 52973 | Desolati | Reached skill level 15 in Short Blades
 52973 | Desolati | Reached skill level 15 in Long Blades
 52973 | Desolati | Reached skill level 15 in Axes
 52973 | Desolati | Reached skill level 15 in Maces & Flails
 52973 | Desolati | Reached skill level 15 in Staves
 52973 | Desolati | Reached skill level 15 in Slings
 52973 | Desolati | Reached skill level 15 in Bows
 52973 | Desolati | Reached skill level 15 in Crossbows
 52973 | Desolati | Reached skill level 15 in Throwing
 52973 | Desolati | Reached skill level 15 in Stealth
 52973 | Desolati | Reached skill level 15 in Shields
 52973 | Desolati | Reached skill level 15 in Unarmed Combat
 52973 | Desolati | Reached skill level 15 in Evocations
 53038 | Desolati | Identified the +8 spear of the Wizarding Stork {antimagic,
                  | Int+2}
 53038 | Desolati | Identified the ring "Zouly" {rPois rC+}
 53109 | Desolati | Gained mutation: Your body sometimes deteriorates upon
                  | taking damage. [mutagenic glow]
 53506 | Desolati | Got a coiled lead ring
 53518 | Desolati | Got a wavering marble ring
 53520 | Desolati | Got a sparkling steel ring
 53521 | Desolati | Identified the ring "Beguufoi" {rC+ Int+6 Dex+3} (You found
                  | it in the Desolation of Salt)
 53522 | Desolati | Identified the ring "Liblunk" {*Contam rPois MR+ Dex+3
                  | SInv} (You found it in the Desolation of Salt)
 53523 | Desolati | Identified the ring "Meudgh" {rElec rF- MR+ Int+4 SInv}
                  | (You found it in the Desolation of Salt)
 53687 | Desolati | Got a twitching platinum amulet
 53944 | Desolati | Got an iridescent scimitar
 53982 | Vaults:4 | Identified the +2 scimitar "Kecw" {vorpal, rF+} (You found
                  | it in the Desolation of Salt)
 55504 | Vaults:1 | Identified the amulet "Icvidi" {Inacc *Drain Int+7} (You
                  | found it in the Desolation of Salt)
 55524 | Vaults:1 | Bought spiked steam dragon scales for 1395 gold pieces
 55524 | Vaults:1 | Bought a crude golden ring for 155 gold pieces
 55525 | Vaults:1 | Identified the ring of Cyat {rPois Stlth-} (You bought it
                  | in a shop on level 1 of the Vaults)
 55541 | Vaults:1 | Identified the +7 steam dragon scales of the Snake Pit
                  | {Int+4} (You bought it in a shop on level 1 of the Vaults)
 55570 | Vaults:1 | Learned a level 6 spell: Iron Shot
 55578 | Vaults:1 | Learned a level 7 spell: Spellforged Servitor
 55693 | Crypt:1  | Entered Level 1 of the Crypt
 57445 | Depths:1 | Entered Level 1 of the Depths
 57455 | Depths:1 | Reached XP level 25. HP: 197/197 MP: 43/43
 57521 | Depths:1 | Identified the ring "Laruf" {MR+ Dex+4}
 57537 | Depths:1 | HP: 5/197 [hell knight/+3 vorpal demon trident (14)]
 58197 | Depths:1 | Identified the ring of False Pretenses {Dex+5 Slay+4 SInv}
 58198 | Depths:1 | Identified the ring of False Pretenses {Dex+5 Slay+4 SInv}
 58700 | Depths:1 | Found a runed translucent gate.
 58743 | Depths:1 | Found a gateway to Hell.
 58823 | Depths:1 | Found a runed translucent gate.
 58823 | Depths:1 | Found a runed translucent gate.
 58825 | Depths:1 | Found an opulent altar of Gozag.
 58825 | Depths:1 | Noticed Fanwaunn's ghost (veteran TrMo)
 58830 | Depths:1 | Got a pair of jewelled gloves
 58841 | Depths:1 | Identified the +1 pair of gloves of Egalitarianism {*Contam
                  | Regen+ Str+7 Int+2} (You found it on level 1 of the Depths)
 59106 | Depths:1 | Found Xoisasy Otso's Assorted Antiques.
 59108 | Depths:1 | Found Wej Fash's Assorted Antiques.
 59133 | Depths:1 | Killed Fanwaunn's ghost
 59133 | Depths:1 | Reached skill level 17 in Invocations
 59215 | Depths:1 | Bought a scroll of acquirement for 1352 gold pieces
 59215 | Depths:1 | Acquired the +1 kite shield "Belouvan" {rElec Int+8 Dex-2}
 59473 | Elf:2    | Learned a level 8 spell: Controlled Blink
 59692 | D:15     | Bought a scroll of amnesia for 84 gold pieces
 59971 | Lair:6   | Learned a level 8 spell: Discord
 60427 | Depths:2 | Identified the +1 robe "Uris" {rC- MR+ Int+2}
 61577 | Depths:3 | Noticed Mara
 61590 | Depths:3 | Reached XP level 26. HP: 113/206 MP: 42/43
 61608 | Depths:3 | Killed Mara
 62157 | Depths:3 | Found a one-way gate leading to the halls of Pandemonium.
 63326 | Depths:4 | Found a gateway to a ziggurat.
 64428 | Depths:4 | Reached skill level 15 in Charms
 64563 | Depths:4 | Identified the Collected Works on Assistive Hexes
 64707 | Depths:4 | Upgraded the game from 0.26-a0-284-g73c0fb6129 to
                  | 0.26-a0-291-g3d11bbfad5
 64769 | Depths:5 | Entered Level 5 of the Depths
 65198 | Depths:5 | Reached XP level 27. HP: 192/214 MP: 41/44
 65216 | Depths:5 | Reached skill level 18 in Invocations
 65478 | Depths:5 | Found a gate to the Realm of Zot.
 65801 | Depths:5 | Learned a level 5 spell: Summon Forest
 66272 | Slime:1  | Entered Level 1 of the Pits of Slime
 66354 | Slime:1  | Found a viscous altar of Jiyva.
 67173 | Slime:3  | Gained mutation: You occasionally shout uncontrollably at
                  | your foes. [a shining eye]
 67176 | Slime:3  | Gained mutation: Armour fits poorly on your strangely
                  | shaped body. [a shining eye]
 67180 | Slime:3  | Gained mutation: Potions are less effective at restoring
                  | your health. [a shining eye]
 67181 | Slime:3  | Gained mutation: Potions are poor at restoring your health.
                  | [a shining eye]
 68119 | Slime:3  | Gained mutation: You tend to lose your temper in combat. [a
                  | shining eye]
 68121 | Slime:3  | Gained mutation: You are frail. (-10% HP) [a shining eye]
 68125 | Slime:3  | Lost mutation: Potions are poor at restoring your health.
                  | [potion of mutation]
 68125 | Slime:3  | Lost mutation: Your body sometimes deteriorates upon taking
                  | damage. [potion of mutation]
 68125 | Slime:3  | Lost mutation: You are frail. (-10% HP) [potion of
                  | mutation]
 68125 | Slime:3  | Gained mutation: You often lose your temper in combat.
                  | [potion of mutation]
 68125 | Slime:3  | Lost mutation: Armour fits poorly on your strangely shaped
                  | body. [potion of mutation]
 68125 | Slime:3  | Gained mutation: You sometimes yell uncontrollably at your
                  | foes. [potion of mutation]
 68125 | Slime:3  | Gained mutation: You are resistant to electric shocks.
                  | (rElec) [potion of mutation]
 68126 | Slime:3  | Lost mutation: You are resistant to electric shocks.
                  | (rElec) [potion of mutation]
 68126 | Slime:3  | Lost mutation: You sometimes yell uncontrollably at your
                  | foes. [potion of mutation]
 68126 | Slime:3  | Gained mutation: You are frail. (-10% HP) [potion of
                  | mutation]
 68126 | Slime:3  | Gained mutation: Your natural rate of healing is unusually
                  | fast. [potion of mutation]
 68383 | Slime:5  | Entered Level 5 of the Pits of Slime
 69064 | Elf:2    | Lost mutation: You are frail. (-10% HP) [potion of
                  | mutation]
 69064 | Elf:2    | Lost mutation: Your natural rate of healing is unusually
                  | fast. [potion of mutation]
 69064 | Elf:2    | Lost mutation: You often lose your temper in combat.
                  | [potion of mutation]
 69064 | Elf:2    | Gained mutation: You are dopey. (Int -2) [potion of
                  | mutation]
 69064 | Elf:2    | Gained mutation: You are somewhat resistant to further
                  | mutation. [potion of mutation]
 69065 | Elf:2    | Lost mutation: You tend to lose your temper in combat.
                  | [potion of mutation]
 69065 | Elf:2    | Lost mutation: You occasionally shout uncontrollably at
                  | your foes. [potion of mutation]
 69516 | Slime:5  | Noticed the Royal Jelly
 69671 | Slime:5  | Killed the Royal Jelly
 70573 | Slime:5  | Identified the Incunabulum of the Entourage
 70583 | Slime:5  | Got a slimy rune of Zot
 71549 | Vaults:5 | Entered Level 5 of the Vaults
 71571 | Vaults:5 | Noticed an ancient lich
 71583 | Vaults:5 | Noticed an ancient lich
 71597 | Vaults:5 | Noticed an ancient lich
 71614 | Vaults:4 | Killed an ancient lich
 71886 | Vaults:4 | Killed an ancient lich
 71953 | Vaults:5 | Reached skill level 15 in Conjurations
 71953 | Vaults:5 | Reached skill level 15 in Hexes
 71953 | Vaults:5 | Reached skill level 15 in Summonings
 71953 | Vaults:5 | Reached skill level 15 in Necromancy
 71953 | Vaults:5 | Reached skill level 15 in Translocations
 71953 | Vaults:5 | Reached skill level 15 in Transmutations
 71953 | Vaults:5 | Reached skill level 15 in Fire Magic
 71953 | Vaults:5 | Reached skill level 15 in Ice Magic
 71953 | Vaults:5 | Reached skill level 15 in Air Magic
 71953 | Vaults:5 | Reached skill level 15 in Poison Magic
 71960 | Vaults:5 | Killed an ancient lich
 72295 | Vaults:5 | Identified the ring of Weff {rPois Dex+2 Stlth+}
 72787 | Vaults:5 | Got a flickering marble ring
 72867 | Vaults:5 | Got a silver rune of Zot
 72907 | Vaults:5 | Identified Sif Muna's Grimoire of Ensnaring Changing
 73273 | Vaults:5 | Identified the ring of the Devil's Advocate {Str+6 Dex+3}
                  | (You found it on level 5 of the Vaults)
 73331 | Vaults:4 | Bought a potion of heal wounds for 70 gold pieces
 73331 | Vaults:4 | Bought a potion of heal wounds for 70 gold pieces
 73331 | Vaults:4 | Bought 2 potions of haste for 280 gold pieces
 73334 | Vaults:4 | Bought a fine cloak for 503 gold pieces
 73344 | Vaults:4 | Identified the +2 cloak of the Ward {Harm rPois} (You
                  | bought it in a shop on level 4 of the Vaults)
 73358 | Vaults:4 | Bought a scroll of blinking for 90 gold pieces
 73760 | Temple   | Fell from the grace of Gozag
 73760 | Temple   | Became a worshipper of the Shining One
 73994 | Hell     | Entered the Vestibule of Hell
 73994 | Hell     | Noticed Geryon
 73997 | Hell     | Reached * piety under the Shining One
 73997 | Hell     | Reached skill level 19 in Invocations
 74015 | Hell     | Reached ** piety under the Shining One
 74021 | Hell     | Noticed Murray
 74025 | Hell     | Reached *** piety under the Shining One
 74034 | Hell     | Reached **** piety under the Shining One
 74044 | Hell     | Reached ***** piety under the Shining One
 74720 | Hell     | Found a gateway to the Iron City of Dis.
 74777 | Hell     | Reached ****** piety under the Shining One
 74778 | Hell     | Identified a +9 trishula of holy wrath (a +9 demon trident
                  | of pain blessed by the Shining One)
 74778 | Hell     | Received a gift from the Shining One
 75317 | Depths:1 | Killed Murray
 75469 | Hell     | Found a gateway to the freezing wastes of Cocytus.
 75708 | Hell     | Killed Geryon
 75784 | Hell     | Found a gateway to the decaying netherworld of Tartarus.
 75843 | Hell     | Found a gateway to the ashen valley of Gehenna.
 76544 | Crypt:2  | Noticed Sojobo
 76582 | Crypt:2  | Killed Sojobo
 76951 | Crypt:2  | Found a runed translucent door.
 76952 | Crypt:2  | Noticed an ancient lich
 77452 | Crypt:2  | Killed an ancient lich
 77508 | Crypt:3  | Entered Level 3 of the Crypt
 77612 | Crypt:3  | Noticed Xtahua
 77631 | Crypt:3  | Killed Xtahua
 77723 | Crypt:3  | Learned a level 2 spell: Passwall
 77968 | Crypt:3  | Found a staircase to the Tomb.
 78160 | Crypt:3  | Found a basalt altar of Yredelemnul.
 78243 | Crypt:3  | Identified the amulet of Nino {Regen+ Int+3}
 79709 | Tomb:1   | Entered Level 1 of the Tomb of the Ancients
 79895 | Tomb:1   | Noticed a greater mummy
 79913 | Tomb:1   | Killed a greater mummy
 81363 | D:6      | Bought a leatherbound book for 270 gold pieces
 81596 | Tar:1    | Entered Level 1 of Tartarus
 81919 | Tar:2    | Reached skill level 20 in Invocations
 82293 | Tar:5    | Was forgiven by Gozag
 82348 | Tar:5    | You fall into a shaft and drop 1 floor!
 82614 | Tar:7    | Entered Level 7 of Tartarus
 83254 | Tar:7    | Got a wavering marble ring
 83256 | Tar:7    | Identified the ring "Goys Vuehau" {rF++ Dex-5 Stlth-} (You
                  | found it on level 7 of Tartarus)
 83384 | Tar:7    | Found the +8 longbow "Zephyr" {speed, Dex+3 SInv}
 83693 | Tar:7    | Noticed Ereshkigal
 83745 | Tar:7    | Killed Ereshkigal
 84195 | Tar:7    | Noticed an ancient lich
 84210 | Tar:7    | Killed an ancient lich
 84224 | Tar:7    | Got a warped helmet
 84268 | Tar:7    | Got a bone rune of Zot
 84443 | Hell     | Identified the +1 helmet of Vuanuos {Str+4} (You found it
                  | on level 7 of Tartarus)
 84786 | Lair:6   | Learned a level 9 spell: Shatter
 85404 | Crypt:3  | Got a coiled turquoise ring
 85410 | Crypt:3  | Reached skill level 21 in Invocations
 85488 | Crypt:3  | Identified the ring "Cecoid" {rElec Dex+4 Slay+4} (You
                  | found it on level 3 of the Crypt)
 85569 | Tomb:1   | Noticed a greater mummy
 85570 | Tomb:1   | Noticed a greater mummy
 85580 | Tomb:1   | Killed a greater mummy
 85586 | Tomb:1   | Noticed a greater mummy
 85589 | Tomb:1   | Killed a greater mummy
 85591 | Tomb:1   | Noticed a greater mummy
 85592 | Tomb:1   | Killed a greater mummy
 85596 | Tomb:1   | Killed a greater mummy
 85597 | Tomb:1   | Noticed a greater mummy
 85600 | Tomb:1   | Noticed a greater mummy
 85604 | Tomb:1   | Killed a greater mummy
 85608 | Tomb:1   | Killed a greater mummy
 85609 | Tomb:1   | Noticed a greater mummy
 85612 | Tomb:1   | Killed a greater mummy
 85613 | Tomb:1   | Noticed a greater mummy
 85618 | Tomb:1   | Killed a greater mummy
 85619 | Tomb:1   | Noticed a greater mummy
 85625 | Tomb:1   | Killed a greater mummy
 85629 | Tomb:1   | Noticed a greater mummy
 85633 | Tomb:1   | Killed a greater mummy
 85903 | Tomb:1   | Noticed a greater mummy
 85910 | Tomb:1   | Killed a greater mummy
 86026 | Tomb:1   | Noticed a greater mummy
 86034 | Tomb:1   | Killed a greater mummy
 86034 | Tomb:1   | Noticed a greater mummy
 86042 | Tomb:1   | Killed a greater mummy
 86044 | Tomb:1   | Noticed a greater mummy
 86046 | Tomb:1   | Noticed a greater mummy
 86050 | Tomb:1   | Noticed a greater mummy
 86051 | Tomb:1   | Noticed a greater mummy
 86052 | Tomb:1   | Killed a greater mummy
 86052 | Tomb:1   | Noticed a greater mummy
 86052 | Tomb:1   | Noticed a greater mummy
 86054 | Tomb:1   | Killed a greater mummy
 86054 | Tomb:1   | Killed a greater mummy
 86054 | Tomb:1   | Noticed a greater mummy
 86055 | Tomb:1   | Killed a greater mummy
 86055 | Tomb:1   | Killed a greater mummy
 86057 | Tomb:1   | Killed a greater mummy
 86061 | Tomb:1   | Killed a greater mummy
 86408 | Tomb:1   | Noticed a greater mummy
 86423 | Tomb:1   | Killed a greater mummy
 86653 | Tomb:2   | Noticed a greater mummy
 86655 | Tomb:2   | Noticed a greater mummy
 86656 | Tomb:2   | Noticed an ancient lich
 86657 | Tomb:2   | Noticed a greater mummy
 86660 | Tomb:2   | Noticed an ancient lich
 86665 | Tomb:2   | Killed an ancient lich
 86668 | Tomb:2   | Killed an ancient lich
 86668 | Tomb:2   | Killed a greater mummy
 86672 | Tomb:2   | Killed a greater mummy
 86677 | Tomb:2   | Killed a greater mummy
 87959 | Dis:1    | Entered Level 1 of the Iron City of Dis
 88875 | Dis:5    | Reached skill level 22 in Invocations
 89022 | Dis:7    | Entered Level 7 of the Iron City of Dis
 89574 | Dis:7    | Gained mutation: You are very dopey. (Int -4) [a cacodemon]
 90239 | Dis:7    | Identified the +2 fustibalus "Leqaf" {flame, rElec rPois
                  | rF- Dex+9}
 90310 | Dis:7    | Identified the ring "Vuronagu" {AC+4 Int+4}
 90322 | Dis:7    | Identified the +4 staff of Dispater
 90322 | Dis:7    | Noticed Dispater
 90348 | Dis:7    | Killed Dispater
 90469 | Dis:7    | Got an iron rune of Zot
 90502 | Dis:7    | Found the +8 Wrath of Trog {antimagic, *Rage}
 91292 | Tomb:3   | Entered Level 3 of the Tomb of the Ancients
 91326 | Tomb:3   | Noticed a greater mummy
 91327 | Tomb:3   | Noticed a greater mummy
 91331 | Tomb:3   | HP: 15/339 [greater mummy/divine providence (13)]
 91331 | Tomb:3   | HP: 3/339 [bennu (12)]
 91331 | Tomb:3   | Slain by a bennu

Illustrated notes

Levels and vault maps discovered:
D:1:      dpeg_arrival_renting, layout_basic
D:2:      layout_loops_corners
D:3:      layout_rooms, gup_sewer_entry_bowl, makhleb_altar_promises_db
D:4:      layout_basic, kennysheep_little_box, minmay_temple_entry_butterflies
D:5:      layout_gridville, chequers_temple_overflow_statue_of_worship
D:6:      layout_layer_cave, serial_shops, shop_fountains, basic_altar,
          uniq_blork_the_orc, uniq_maggie, uniq_grinder
D:7:      layout_basic, nicolae_overflow_hidden_temple, minmay_fire_ice_demons
D:8:      kennysheep_six_static_rooms, layout_loops_corners, lair_entry_dummy,
          minmay_misc_feat_four_crosses
D:9:      layout_loops_ring, uniq_maurice
D:10:     layout_roguey, hiddenorc1_lemuel, serial_shops, shop
D:11:     layout_roguey, ebering_ghost_funeral_grove
D:12:     layout_stronghold, ebering_ghost_xom, enter_bailey_3,
          david_defended_altar_elf, uniq_josephine
D:13:     layout_loops_cross, grunt_qazlal_clouds
D:14:     layout_rooms, david_vaults_4, serial_shops,
          nicolae_shop_temple_entry_statues_fountains, kennysheep_boxes,
          portal_ice_cave_entry_ice_beasts
D:15:     hangedman_depths_entry_civil_slaughter, layout_irregular_city,
          kennysheep_crisscross, trove_entry_hex_spiral, st_stairs_4
Temple:   nicolae_temple_elliptical
Lair:1:   layout_loops_ring
Lair:2:   layout_gridlike, minmay_swamp_entry_reptiles, serial_bayou_shore_b,
          infiniplex_staircase_pool
Lair:3:   layout_gridlike, spider_nest_entry_web_field, st_stairs_7,
          nicolae_quartered_pool_super
Lair:4:   layout_hall_layers, ebering_ghost_funeral_grove, grunt_megastairs_1
Lair:5:   gammafunk_cloud_chamber, layout_cave_shapes, uniq_rupert
Lair:6:   hangedman_lair_in_review, layout_regular_city,
          minmay_slime_entry_oklob_enclosed, gammafunk_ghost_abyssal_escape
Swamp:1:  layout_falls_marsh, basic_altar
Swamp:2:  layout_basic_swamp, gammafunk_ghost_hydra_chop,
          evilmike_swamp_ruin_rubble_1, swamp_pool1, st_swamp_ruins_4
Swamp:3:  layout_falls_marsh, evilmike_swamp_ruin_wall, nicolae_swamp_stair_fork
Swamp:4:  grunt_swamp_rune_castle, layout_basic_swamp
Spider:1: layout_chambers, nicolae_looking_at_the_future, uniq_agnes
Spider:2: nicolae_spider_hall_of_the_moth_king
Spider:3: layout_spider_delve, gammafunk_ghost_cemetery,
          spiders_nest_the_unseen, uniq_asterion
Spider:4: grunt_spider_rune_island, drop_trap
Slime:1:  cheibrodos_slime_lost_civilization_8, layout_caves, basic_altar
Slime:2:  layout_caves, nicolae_slime_round_cave
Slime:3:  layout_caves, nicolae_slime_barrier
Slime:4:  layout_caves
Slime:5
Orc:1:    layout_caves, basic_altar, elf_legates, uniq_sonja
Orc:2:    st_orc_pillars, layout_diamond_mine, uniq_jorgrun
Elf:1:    minmay_elf_arrival_summoners, layout_onion_city, minivault_28
Elf:2:    layout_loops_cross, basic_altar, guppyfry_elf_castle
Elf:3:    minmay_elf_hall_not_hex, layout_geoelf_grid, serial_shops,
          nicolae_shop_statue_plus, grunt_ministairs_5, minmay_shoptagon
Vaults:1: gammafunk_vaults_ghost_necromancy, vaults_dpeg_ring,
          vaults_dpeg_hooks, kennysheep_vaults_gozag_temple, v_misc_13,
          vaults_room_grunt_arrival_ludios, hangedman_vaults_impose,
          ontoclasm_vaults_claustrophobia, hangedman_vaults_pinch,
          v_alt_pattern_5, layout_vaults_ring, basic_altar, serial_shops,
          nicolae_shop_waterfront
Vaults:2: v_misc_24, ontoclasm_vaults_idyll, v_rooms_5,
          vaults_standard_mumra_enter_the_diamond, ontoclasm_vaults_eye,
          vaults_dpeg_diagonal, nicolae_vaults_ring_of_whatevers,
          st_smaller_cells, layout_vaults_omnigrid
Vaults:3: vaults_room_corners, ontoclasm_vaults_ligature,
          nicolae_vaults_inception_corners, minmay_crypt_entry_necro_gods,
          v_pattern_2, nicolae_vaults_big_ls, nicolae_vaults_what_the_h,
          nicolae_vaults_yaktaur_gun_rack, v_misc_16, layout_vaults_omnicross
Vaults:4: vaults_mumra_hex, v_misc_27, ontoclasm_vaults_echo, vaults_room_fours,
          nicolae_vaults_rhombus_7, ontoclasm_vaults_decontamination,
          layout_vaults_chaotic_city, portal_desolation_entry_garden
Vaults:5: uniq_margery
Crypt:1:  layout_gridlike, minmay_misc_feat_hallway, grunt_ministairs_5,
          nicolae_crypt_ancient_font, grunt_megastairs_2
Crypt:2:  cheibrodos_crypt_cold_storage, layout_misc_corridors,
          serial_sigils_hangedman_scar, st_stairs_8, st_vampire_maze,
          grunt_megastairs_5, uniq_sojobo
Crypt:3:  evilmike_haunted_forest, uniq_xtahua
Tomb:1
Tomb:2
Tomb:3
Depths:1: grunt_crosshair, layout_cave_shapes, grunt_metal_band, abyss_entry,
          ebering_ghost_gozag, hangedman_decor_points,
          kennysheep_generic_room_6, firewood_loft
Depths:2: minmay_the_grid_net [minmay_the_grid_aliased_spiral,
          minmay_the_grid_small_cups, minmay_the_grid_armoury,
          minmay_the_grid_rooms, minmay_the_grid_spikes,
          minmay_the_grid_prize_big_room], layout_gridville, hell_entry,
          minmay_staircase_windowed_large, serial_bayou_shore_a
Depths:3: minmay_quantized_circle, layout_cave_pools, grunt_pan_entry_sceptre,
          hell_entry, minmay_misc_feat_plants, uniq_mara
Depths:4: minmay_broken_ring, layout_long_grid, enter_ziggurat_d,
          minmay_room_of_horrors, hangedman_coc_ice_floe, nicolae_wwwww,
          chequers_big_river, infiniplex_staircase_zigzag_5
Depths:5: grunt_zot_entry_gee_three, layout_gridville, grunt_decor_fettered,
          hell_entry
Hell
Dis:1:    layout_gridville
Dis:2:    hangedman_dis_monolith, layout_regular_city
Dis:3:    layout_chaotic_city, hangedman_dis_decor_blocks_mantle
Dis:4:    layout_chaotic_city
Dis:5:    layout_gridville, hangedman_dis_chains
Dis:6:    layout_subdivisions
Dis:7:    iron_city_of_dis [dis_grunt, dis_wall_1], layout_chaotic_city
Tar:1:    layout_grid_maze, nicolae_tar_cuneiform_two
Tar:2:    regret_index_dithmenos_brocken_genspenst, layout_honeycomb
Tar:3:    layout_catacombs, nicolae_tar_fractal_crypt
Tar:4:    layout_honeycomb
Tar:5:    layout_grid_maze
Tar:6:    layout_catacombs, lemuel_nasty_fountain
Tar:7:    tar_grunt_cathedral

Skill      XL: |  1  2  3  4  5  6  7  8  9 10 11 12 13 14 15 16 17 18 19 20 21 22 23 24 25 26 27 |
---------------+----------------------------------------------------------------------------------+-----
Spellcasting   | 5 6 7 8 9 10 11 12 13 14 15 16 17 21 | 21.6
Invocations    | 1 2 3 4 5 6 7 8 9 10 11 12 13 14 15 16 17 22 | 22.7
Short Blades   | 1 2 3 4 5 6 7 8 9 10 11 12 13 14 15 16 21 | 21.2
Long Blades    | 1 2 3 4 5 6 7 8 9 10 11 12 13 14 15 16 21 | 21.2
Axes           | 1 2 3 4 5 6 7 8 9 10 11 12 13 14 15 16 21 | 21.2
Maces & Flails | 1 2 3 4 5 6 7 8 9 10 11 12 13 14 15 16 21 | 21.2
Staves         | 1 2 3 4 5 6 7 8 9 10 11 12 13 14 15 16 21 | 21.2
Slings         | 1 2 3 4 5 6 7 8 9 10 11 12 13 14 15 16 21 | 21.2
Bows           | 1 2 3 4 5 6 7 8 9 10 11 12 13 14 15 16 21 | 21.2
Crossbows      | 1 2 3 4 5 6 7 8 9 10 11 12 13 14 15 16 21 | 21.2
Throwing       | 1 2 3 4 5 6 7 8 9 10 11 12 13 14 15 16 21 | 21.2
Stealth        | 1 2 3 4 5 6 7 8 9 10 11 12 13 14 15 16 21 | 21.2
Shields        | 1 2 3 4 5 6 7 8 9 10 11 12 13 14 15 16 21 | 21.2
Unarmed Combat | 1 2 3 4 5 6 7 8 9 10 11 12 13 14 15 16 21 | 21.2
Evocations     | 1 2 3 4 5 6 7 8 9 10 11 12 13 14 15 16 21 | 21.2
Conjurations   | 1 2 3 4 5 6 7 8 9 10 11 12 13 14 18 | 18.4
Hexes          | 1 2 3 4 5 6 7 8 9 10 11 12 13 14 18 | 18.4
Summonings     | 1 2 3 4 5 6 7 8 9 10 11 12 13 14 18 | 18.4
Necromancy     | 1 2 3 4 5 6 7 8 9 10 11 12 13 14 18 | 18.4
Translocations | 1 2 3 4 5 6 7 8 9 10 11 12 13 14 18 | 18.4
Transmutations | 1 2 3 4 5 6 7 8 9 10 11 12 13 14 18 | 18.4
Fire Magic     | 1 2 3 4 5 6 7 8 9 10 11 12 13 14 18 | 18.4
Ice Magic      | 1 2 3 4 5 6 7 8 9 10 11 12 13 14 18 | 18.4
Air Magic      | 1 2 3 4 5 6 7 8 9 10 11 12 13 14 18 | 18.4
Earth Magic    | 1 2 3 4 5 6 7 8 9 10 11 12 13 14 15 16 17 21 | 21.9
Poison Magic   | 1 2 3 4 5 6 7 8 9 10 11 12 13 14 18 | 18.4
Armour         | 3 4 5 6 7 8 9 10 11 12 13 14 15 16 21 | 21.3
Fighting       | 5 6 7 8 9 10 11 12 13 14 15 16 17 21 | 21.5
Polearms       | 5 6 7 8 9 10 11 12 13 14 15 16 17 21 | 21.5
Dodging        | 5 6 7 8 9 10 11 12 13 14 15 16 17 21 | 21.5
Charms         | 6 7 8 9 10 11 12 13 14 15 19 | 19.0

Action                   |  1- 3 |  4- 6 |  7- 9 | 10-12 | 13-15 | 16-18 | 19-21 | 22-24 | 25-27 || total
-------------------------+-------+-------+-------+-------+-------+-------+-------+-------+-------++-------
Melee: Spear             |   112 |   151 |   126 |       |       |       |       |       |       ||   389
       Bite              |     4 |    12 |    36 |    86 |   155 |   165 |   137 |   359 |  1027 ||  1981
       Punch             |       |     1 |     6 |     7 |       |       |       |       |       ||    14
       Trident           |       |       |   266 |   839 |   106 |       |       |       |       ||  1211
       Demon trident     |       |       |       |       |  1040 |  1372 |   893 |  1632 |  1795 ||  6732
       Broad axe         |       |       |       |       |       |       |       |   265 |   217 ||   482
       Trishula          |       |       |       |       |       |       |       |       |  3201 ||  3201
Throw: Boomerang         |       |       |       |       |       |       |       |     7 |    61 ||    68
       Javelin           |       |       |       |       |       |       |       |       |     4 ||     4
 Cast: Infusion          |     3 |     7 |     3 |     3 |     2 |       |     1 |       |       ||    19
       Spectral Weapon   |     2 |    12 |    14 |    40 |    43 |    52 |    42 |    33 |   113 ||   351
       Ozocubu's Armour  |     1 |       |     2 |     1 |     2 |       |       |       |       ||     6
       Shroud of Golubri |       |     1 |     2 |     4 |    12 |     2 |     4 |     1 |     6 ||    32
       Song of Slaying   |       |       |     2 |     4 |    13 |     9 |     7 |     9 |    19 ||    63
       Mephitic Cloud    |       |       |       |     3 |       |       |       |       |       ||     3
       Summon Mana Viper |       |       |       |       |       |     2 |       |       |       ||     2
       Invisibility      |       |       |       |       |       |       |       |     3 |     2 ||     5
       Iron Shot         |       |       |       |       |       |       |       |       |     6 ||     6
       Discord           |       |       |       |       |       |       |       |       |    14 ||    14
       Shatter           |       |       |       |       |       |       |       |       |    58 ||    58
       Summon Forest     |       |       |       |       |       |       |       |       |     5 ||     5
       Controlled Blink  |       |       |       |       |       |       |       |       |     3 ||     3
Invok: Call Merchant     |       |       |       |       |     2 |     2 |       |     1 |     7 ||    12
       Potion Petition   |       |       |       |       |       |     1 |       |     1 |     1 ||     3
       Cleansing Flame   |       |       |       |       |       |       |       |       |     3 ||     3
       Brand Weapon With |       |       |       |       |       |       |       |       |     1 ||     1
Evoke: Wand              |       |       |       |     4 |       |       |     3 |       |     5 ||    12
       Tin of tremorston |       |       |       |       |       |       |     1 |     2 |     1 ||     4
       Phantom mirror    |       |       |       |       |       |       |       |     1 |       ||     1
       Lightning rod     |       |       |       |       |       |       |       |       |     2 ||     2
  Use: Scroll            |       |     7 |     3 |     6 |    31 |     6 |     3 |     9 |    27 ||    92
       Potion            |       |       |       |       |     1 |     3 |     1 |     2 |    23 ||    30
 Stab: Sleeping          |     5 |     2 |    14 |    13 |    41 |    12 |     5 |     8 |     5 ||   105
       Distracted        |       |       |     3 |    18 |    21 |    19 |    25 |    61 |    64 ||   211
       Invisible         |       |       |       |       |     3 |     1 |       |   119 |     5 ||   128
       Petrified         |       |       |       |       |     3 |       |       |       |       ||     3
       Confused          |       |       |       |       |       |     1 |     1 |       |       ||     2
Armor: Leather armour    |    10 |    35 |    20 |       |       |       |       |       |       ||    65
       Steam dragon scal |       |       |    24 |    80 |    27 |       |       |    22 |   436 ||   589
       Scale mail        |       |       |       |       |   104 |   274 |   111 |    80 |       ||   569
       Skin              |       |       |       |       |       |       |       |       |   198 ||   198
Dodge: Dodged            |    59 |   113 |   235 |   482 |   531 |   551 |   225 |   209 |  1395 ||  3800
Block: Kite shield       |       |       |       |   275 |   552 |  1284 |   581 |  1205 |  4953 ||  8850
       Tower shield      |       |       |       |       |       |       |    62 |       |       ||    62
       Reflection        |       |       |       |       |       |       |    20 |   114 |   166 ||   300

Table legend:
 A = Non-vault XP
 B = Vault XP
 C = Vault XP percentage of total XP
 D = Non-vault monster count
 E = Vault monster count
 F = Vault count percentage of total count
                 A         B        C        D         E       F
            +---------+---------+-------+---------+---------+-------
      Total | 1211132 | 1423008 |  54.0 |    2376 |    1548 |  39.4
            +---------+---------+-------+---------+---------+-------
        D:1 |      37 |       0 |   0.0 |      19 |       0 |   0.0
        D:2 |      43 |       0 |   0.0 |      13 |       0 |   0.0
        D:3 |      82 |      12 |  12.8 |      26 |       4 |  13.3
        D:4 |     462 |       0 |   0.0 |      21 |       0 |   0.0
        D:5 |     497 |       0 |   0.0 |      27 |       0 |   0.0
        D:6 |    1048 |     718 |  40.7 |      26 |       3 |  10.3
        D:7 |    1166 |      56 |   4.6 |      26 |       2 |   7.1
        D:8 |    2183 |     685 |  23.9 |      46 |       6 |  11.5
        D:9 |    4027 |     457 |  10.2 |      31 |       1 |   3.1
       D:10 |    1897 |     209 |   9.9 |      26 |      17 |  39.5
       D:11 |    4053 |    1884 |  31.7 |      18 |       6 |  25.0
       D:12 |    3138 |    5203 |  62.4 |      21 |      14 |  40.0
       D:13 |    6021 |       0 |   0.0 |      30 |       0 |   0.0
       D:14 |   12719 |    2001 |  13.6 |      35 |      11 |  23.9
       D:15 |   13750 |    6568 |  32.3 |      33 |       9 |  21.4
     Lair:1 |    6044 |       0 |   0.0 |      25 |       0 |   0.0
     Lair:2 |    2507 |    1032 |  29.2 |      15 |       4 |  21.1
     Lair:3 |    3181 |     136 |   4.1 |      19 |       1 |   5.0
     Lair:4 |    3523 |    3551 |  50.2 |      15 |      11 |  42.3
     Lair:5 |    5359 |    3639 |  40.4 |      20 |       6 |  23.1
     Lair:6 |   17373 |   16695 |  49.0 |      40 |      31 |  43.7
    Swamp:1 |   15472 |    6305 |  29.0 |      34 |       8 |  19.0
    Swamp:2 |   17272 |    3369 |  16.3 |      39 |       4 |   9.3
    Swamp:3 |   16818 |       0 |   0.0 |      48 |       0 |   0.0
    Swamp:4 |   19570 |   19878 |  50.4 |      36 |      33 |  47.8
   Spider:1 |   22965 |    3972 |  14.7 |      65 |      16 |  19.8
   Spider:2 |   17550 |   11508 |  39.6 |      49 |      16 |  24.6
   Spider:3 |    2643 |    7626 |  74.3 |       8 |       3 |  27.3
   Spider:4 |   14611 |   26488 |  64.4 |      47 |      42 |  47.2
    Slime:1 |   13116 |       0 |   0.0 |      18 |       0 |   0.0
    Slime:2 |    1146 |   13368 |  92.1 |       6 |       9 |  60.0
    Slime:3 |   16588 |       0 |   0.0 |      18 |       0 |   0.0
    Slime:4 |   14707 |    4523 |  23.5 |      35 |       4 |  10.3
    Slime:5 |   13420 |   28298 |  67.8 |      23 |       8 |  25.8
      Orc:1 |    2716 |    7036 |  72.1 |      22 |       7 |  24.1
      Orc:2 |    3285 |   18095 |  84.6 |      41 |      60 |  59.4
      Elf:1 |    8096 |    9381 |  53.7 |      11 |      18 |  62.1
      Elf:2 |   12011 |   37666 |  75.8 |      20 |      43 |  68.3
      Elf:3 |   21254 |   39194 |  64.8 |      32 |      30 |  48.4
   Vaults:1 |   21387 |   36106 |  62.8 |      38 |      48 |  55.8
   Vaults:2 |   41224 |   17763 |  30.1 |      81 |      21 |  20.6
   Vaults:3 |   39467 |   19703 |  33.3 |      62 |      31 |  33.3
   Vaults:4 |   53935 |   38803 |  41.8 |      68 |      25 |  26.9
   Vaults:5 |   26927 |   83808 |  75.7 |      49 |      77 |  61.1
    Crypt:1 |   28330 |   13833 |  32.8 |      39 |      17 |  30.4
    Crypt:2 |   15405 |   37929 |  71.1 |      29 |      27 |  48.2
    Crypt:3 |       0 |   76434 | 100.0 |       0 |     111 | 100.0
     Tomb:1 |   11454 |  170092 |  93.7 |      33 |      63 |  65.6
     Tomb:2 |    3898 |   86707 |  95.7 |      17 |      78 |  82.1
     Tomb:3 |   12914 |   29345 |  69.4 |      27 |      42 |  60.9
   Depths:1 |   23305 |   74632 |  76.2 |      36 |      73 |  67.0
   Depths:2 |   22505 |   18799 |  45.5 |      30 |      18 |  37.5
   Depths:3 |   27461 |   34769 |  55.9 |      41 |      39 |  48.8
   Depths:4 |   37245 |   37433 |  50.1 |      44 |      32 |  42.1
   Depths:5 |   48192 |   28494 |  37.2 |      44 |      17 |  27.9
       Hell |   32079 |   26794 |  45.5 |      63 |      43 |  40.6
      Dis:1 |    8049 |       0 |   0.0 |      18 |       0 |   0.0
      Dis:2 |   30418 |   35707 |  54.0 |      63 |      47 |  42.7
      Dis:4 |   25746 |       0 |   0.0 |      53 |       0 |   0.0
      Dis:5 |   38702 |       0 |   0.0 |      48 |       0 |   0.0
      Dis:6 |   15384 |       0 |   0.0 |      28 |       0 |   0.0
      Dis:7 |   79263 |  108891 |  57.9 |      92 |      84 |  47.7
      Tar:1 |   28381 |       0 |   0.0 |      15 |       0 |   0.0
      Tar:2 |   13622 |       0 |   0.0 |      16 |       0 |   0.0
      Tar:3 |    5572 |       0 |   0.0 |      13 |       0 |   0.0
      Tar:4 |   28585 |       0 |   0.0 |      38 |       0 |   0.0
      Tar:5 |   11015 |       0 |   0.0 |      38 |       0 |   0.0
      Tar:6 |   40452 |       0 |   0.0 |      60 |       0 |   0.0
      Tar:7 |  107213 |  110448 |  50.7 |      82 |      69 |  45.7
    Abyss:2 |   10652 |       0 |   0.0 |      27 |       0 |   0.0
      Sewer |       0 |     106 | 100.0 |       0 |       9 | 100.0
     Bailey |       0 |    4136 | 100.0 |       0 |      40 | 100.0
      IceCv |       0 |    5536 | 100.0 |       0 |      20 | 100.0
 Desolation |       0 |   47187 | 100.0 |       0 |      90 | 100.0
            +---------+---------+-------+---------+---------+-------
